 Dungeon Sprint DCSS version 0.30-a0-738-g116ff8c4af (webtiles) character file.

Game seed: 354811449502809872

287 BigDaddyOpFi the Demonic Catastrophe (level 6, -2/51 (52) HPs)
             Began as a Demonspawn Fighter on Feb 3, 2023.
             Was an Elder of Qazlal.
             Slain by a wight
             ... wielding a +0 spear
              (6 damage)
             ... in the Dungeon (Sprint VII: "The Pits").
             The game lasted 00:00:50 (268 turns).

BigDaddyOpFi the Demonic Catastrophe (DsFi)          Turns: 268, Time: 00:00:50

HP:   -2/51 (52)    AC: 12    Str: 18    XL:     6   Next: 8%
MP:   4/13          EV:  7    Int: 10    God:    Qazlal [****..]
Gold: 0             SH: 10    Dex: 12    Spells: 5/5 levels left

rFire   . . .      SeeInvis .    a - +0 war axe
rCold   . . .      Faith    .    c - +0 buckler
rNeg    . . .      Spirit   .    l - +3 chain mail
rPois   .          Reflect  .    (no helmet)
rElec   .          Harm     .    (no cloak)
rCorr   .          Rampage  .    (no gloves)
Will    .....      NoTele   +    (no boots) Stlth
                                 (no amulet)
HPRegen 0.28/turn                (no ring)
MPRegen 0.13/turn                (no ring)

@: on berserk cooldown, slowed, lightly drained, repel missiles, very slow
A: demonic guardian 1, foul stench 1
a: Renounce Religion, Upheaval, Elemental Force


You were in the Dungeon.
You worshipped Qazlal.
Qazlal was greatly pleased with you.
You visited 1 branch

Inventory:

Hand Weapons
 a - a +0 war axe (weapon)
Armour
 c - a +0 buckler (worn)
 l - a +3 chain mail (worn)
Scrolls
 j - a scroll of blinking
Potions
 d - a potion of might
 e - 6 potions of curing
 f - 6 potions of heal wounds
 g - a potion of haste
 h - 4 potions of magic
 i - 2 potions of berserk rage
 k - 2 potions of invisibility


   Skills:
 + Level 6.0 Fighting
 + Level 5.1 Axes
 + Level 5.4 Armour
 + Level 5.4 Shields
 * Level 9.3 Invocations


You had 5 spell levels left.
You didn't know any spells.
Your spell library was empty.

Dungeon Overview and Level Annotations

Branches:
Dungeon (1/1)

Altars:
Ashenzari
Cheibriados
Dithmenos
Fedhas
Gozag
Hepliaklqana
Kikubaaqudgha
Makhleb
Nemelex Xobeh
Okawaru
Qazlal
Ru
Sif Muna
Trog
Uskayaw
Vehumet
Wu Jian
Xom
Yredelemnul
Jiyva
Lugonu


Innate Abilities, Weirdness & Mutations

A weak demonic guardian rushes to your aid.
You may rarely emit foul miasma when damaged in melee.


Message History

You will now adapt resistances upon receiving elemental damage.
Something hits you but does no damage.
Your life force feels restored.
Your Fighting skill increases to level 6!
Your Axes skill increases to level 5!
Your Invocations skill increases to level 9!
You have reached level 6!
Your demonic ancestry asserts itself...
You feel the presence of a demonic guardian.
You completely miss something. You closely miss the kobold brigand.
You hit something. You slash the kobold brigand!
You are no longer berserk.
You are exhausted.
You feel yourself slow down. Something hits you. Something shocks you.
The kobold brigand hits you with a +0 dagger.
* * * LOW HITPOINT WARNING * * *
The wight is engulfed in freezing vapours.
The wight hits you from afar with a +0 spear.
* * * LOW HITPOINT WARNING * * *
You feel drained.
You miss something. You hit the kobold brigand.
The orc priest looks encouraged for a moment.
The wight is engulfed in freezing vapours.
The wight hits you but does no damage. You block the kobold brigand's attack.
Something hits you but does no damage. x2
The wight is engulfed in freezing vapours.
The wight barely misses you.
The orc priest begins to cast a cantrip, but forgets the words!
You block the kobold brigand's attack.
You closely miss something. You closely miss the kobold brigand.
The wight is engulfed in freezing vapours.
The wight hits you from afar with a +0 spear.
* * * LOW HITPOINT WARNING * * *
You block the kobold brigand's attack. Something hits you.
* * * LOW HITPOINT WARNING * * *
A demonic guardian appears!
Something shocks you.
* * * LOW HITPOINT WARNING * * *
The wight is engulfed in freezing vapours.
The wight hits you from afar with a +0 spear.
You die...

#.#..#...'.##.....
#.#..#...#.#####'#
#.#..#####.##.....
#.#..'...#.##.....
#.#)††...'.##.....
#.#.†########...<.
#5#..'.)))[##.....
#.#..#.)))[##.....
#@###########.....
#{Ko....# ######
#oz.#...# #...# .#
#.##. #.. #. #..
.. #.. ..


You could see a kobold brigand (ally target), a wight, 2 orc priests and a
friendly shadow imp (summoned, wandering).

Vanquished Creatures
  A sky beast (D)
  A scorpion (D)
  2 wights (D)
  An orc wizard (D)
  An adder skeleton (D)
  A bat zombie (D)
  An endoplasm (D)
  A hobgoblin (D)
  2 jackals (D)
  3 bats (D)
  A kobold (D)
15 creatures vanquished.

Notes
Turn   | Place    | Note
-------+----------+-------------------------------------------
     0 | D        | BigDaddyOpFi the Demonspawn Fighter began the quest for the
                  | Orb.
     0 | D        | Reached XP level 1. HP: 18/18 MP: 1/1
    16 | D        | Found a bloodstained altar of Trog.
    16 | D        | Found a shimmering blue altar of Sif Muna.
    16 | D        | Found a viscous altar of Jiyva.
    16 | D        | Found a hazy altar of Hepliaklqana.
    16 | D        | Found an opulent altar of Gozag.
    17 | D        | Found a basalt altar of Yredelemnul.
    17 | D        | Found a shimmering altar of Xom.
    17 | D        | Found an ornate altar of the Wu Jian Council.
    17 | D        | Found a sacrificial altar of Ru.
    17 | D        | Found a stormy altar of Qazlal.
    17 | D        | Found an iron altar of Okawaru.
    17 | D        | Found a sparkling altar of Nemelex Xobeh.
    17 | D        | Found a burning altar of Makhleb.
    17 | D        | Found a blossoming altar of Fedhas.
    17 | D        | Found a shadowy altar of Dithmenos.
    17 | D        | Found a snail-covered altar of Cheibriados.
    19 | D        | Found a corrupted altar of Lugonu.
    19 | D        | Found a radiant altar of Vehumet.
    20 | D        | Found an ancient bone altar of Kikubaaqudgha.
    20 | D        | Found a hide-covered altar of Uskayaw.
    20 | D        | Found a broken altar of Ashenzari.
    29 | D        | Became a worshipper of Qazlal Stormbringer
    68 | D        | Reached * piety under Qazlal
    72 | D        | Reached skill level 1 in Invocations
    83 | D        | Reached skill level 2 in Invocations
    83 | D        | Gained mutation: You may rarely emit foul miasma when
                  | damaged in melee. [demonic ancestry]
    83 | D        | Reached XP level 2. HP: 21/24 MP: 1/3
    84 | D        | Reached ** piety under Qazlal
   250 | D        | Noticed a wight
   250 | D        | Noticed a sky beast
   251 | D        | Noticed a sky beast
   251 | D        | Noticed a scorpion
   252 | D        | Noticed a wight
   254 | D        | Noticed a wight
   255 | D        | Killed a wight
   255 | D        | Reached *** piety under Qazlal
   255 | D        | Noticed a kobold brigand
   256 | D        | Reached skill level 5 in Invocations
   256 | D        | Reached XP level 3. HP: 31/31 MP: 3/6
   259 | D        | Killed a scorpion
   260 | D        | Reached skill level 6 in Invocations
   260 | D        | Reached XP level 4. HP: 32/38 MP: 3/8
   261 | D        | Reached skill level 5 in Fighting
   261 | D        | Reached skill level 7 in Invocations
   261 | D        | Reached XP level 5. HP: 38/44 MP: 3/10
   261 | D        | Killed a sky beast
   262 | D        | Reached skill level 5 in Armour
   262 | D        | Reached skill level 5 in Shields
   262 | D        | Reached skill level 8 in Invocations
   264 | D        | Reached **** piety under Qazlal
   265 | D        | Reached skill level 5 in Axes
   265 | D        | Reached skill level 9 in Invocations
   265 | D        | Gained mutation: A weak demonic guardian rushes to your
                  | aid. [demonic ancestry]
   265 | D        | Reached XP level 6. HP: 36/52 MP: 3/13
   268 | D        | Slain by a wight

Illustrated notes

Levels and vault maps discovered:
D:        pitsprint [storerooms_1, entrance_room_1, metal_vault_7, armoury_2,
          mini_pit_1, grid_room_1, main_hall_1, silver_pit, the_coven_1,
          the_vestibule_1, steel_vault_3, golden_pit, hallway_of_sentries,
          crystal_vault_2, iron_vault_2, final_vault]

Skill      XL: |  1  2  3  4  5 |
---------------+----------------+-----
Axes           | 2 3 4 5 |  5.1
Armour         | 3 4 5 |  5.4
Shields        | 3 4 5 |  5.4
Invocations    | 2 5 6 7 9 |  9.3
Fighting       | 4 5 6 |  6.0

Action                     |  1- 3 |  4- 6 || total
---------------------------+-------+-------++-------
  Melee: War axe           |    20 |     9 ||    29
    Use: Potion            |     1 |       ||     1
 Armour: Scale mail        |    23 |       ||    23
         Chain mail        |     2 |     7 ||     9
  Dodge: Dodged            |    15 |     1 ||    16
  Block: Buckler           |    16 |     4 ||    20

Table legend: (Time is in decaauts)
 A = Elapsed time spent in this place.
 B = Non-inter-level travel time spent in this place.
 C = Inter-level travel time spent in this place.
 D = Time resting spent in this place.
 E = Time spent auto-exploring this place.
 F = Levels seen in this place.
 G = Mean time per level.
                   A        B        C        D        E       F      G
               +--------+--------+--------+--------+--------+-----+--------+
         Total |    273 |    251 |     22 |    103 |      0 |   1 |  273.0 |
       Dungeon |    273 |    251 |     22 |    103 |      0 |   1 |  273.0 |
               +--------+--------+--------+--------+--------+-----+--------+

Top non-repeatable levels by time:
       D: 273 daAuts
